Map: Jagannatha LE

Players

maru - Winner!

  • Race: Terran Terran

HeroMarine

  • Race: Terran Terran

Event: DreamHack SC2 Masters 2021 Summer

VOD

Have the link to the VOD?

Description

Time

  • Played on: July 3, 2021, 10:17 a.m.
  • Length: 8:27

All games in this series

Show
View Real Time Build Order
Export as new Build Order

maru Terran - Winner!

Build Orders:  

Get SALT Encoding   

  12  0:00  SCV  
  13  0:12  SCV  
  14  0:17  Supply Depot  
  14  0:24  SCV  
  15  0:38  SCV  
  15  0:40  Barracks  
  16  0:44  Refinery  
  16  0:50  SCV  
  17  1:01  Barracks  
  17  1:05  SCV  
  18  1:17  SCV  
  19  1:28  Reaper, Supply Depot  
  20  1:33  Orbital Command  
  20  1:48  Reaper  
  21  1:59  SCV  
  22  2:05  Reaper  
  23  2:11  SCV  
  23  2:15  Command Center  
  24  2:24  SCV  
  24  2:27  Refinery  
  26  2:36  SCV  
  27  2:48  SCV, Factory  
  27  2:55  Supply Depot  
  27  2:59  Barracks Tech Lab  
  27  3:00  SCV  
  28  3:12  SCV  
  29  3:24  SCV  
  30  3:27  Orbital Command  
  30  3:31  Refinery  
  30  3:33  Barracks Reactor, Starport  
  30  3:36  SCV  
  30  3:38  Cyclone  
  34  3:48  SCV  
  34  3:53  SCV  
  36  4:00  SCV  
  37  4:04  Command Center  
  37  4:05  SCV  
  38  4:11  Siege Tank, Marine x2  
  38  4:12  Starport Tech Lab  
  38  4:13  SCV  
  44  4:18  SCV  
  44  4:20  Refinery  
  45  4:27  Supply Depot  
  45  4:29  SCV  
  45  4:30  SCV  
  47  4:32  Raven  
  47  4:34  Marine x2  
  51  4:38  Supply Depot  
  51  4:41  SCV  
  51  4:42  SCV  
  53  4:52  Marine x2  
  55  4:53  SCV, Siege Tank  
  55  4:54  SCV  
  59  5:02  Starport  
  58  5:09  SCV x2  
  58  5:12  Supply Depot  
  59  5:17  Orbital Command  
  59  5:21  SCV  
  59  5:22  SCV  
  59  5:23  Viking  
  59  5:26  Viking  
  65  5:32  Siege Tank  
  65  5:34  SCV  
  69  5:41  Viking  
  71  5:44  Stimpack, Marine  
  71  5:47  SCV x2  
  71  5:48  SCV  
  74  5:55  Viking  
  74  5:56  Viking  
  78  6:05  SCV  
  78  6:06  Marine  
  78  6:07  Siege Tank  
  78  6:10  Supply Depot  
  83  6:12  SCV x2, Supply Depot  
  83  6:16  Viking  
  87  6:25  Viking  
  89  6:26  Viking  
  89  6:40  SCV x2  
  89  6:41  Barracks  
  89  6:42  Siege Tank, Barracks  
  89  6:46  Viking  
  90  6:52  SCV  
  89  6:55  Viking  
  89  6:56  Orbital Command  
  89  6:57  SCV  
  89  6:58  Supply Depot  
  92  7:04  SCV  
  92  7:07  Marine  
  83  7:09  SCV  
  83  7:13  Viking  
  83  7:14  Siege Tank  
  87  7:16  SCV  
  87  7:21  SCV  
  86  7:23  Viking  
  86  7:24  Marine  
  86  7:25  SCV  
  90  7:31  SCV  
  90  7:36  Barracks Reactor  
  91  7:39  SCV x2  
  91  7:40  Viking  
  91  7:42  Marine  
  91  7:43  SCV, Barracks Reactor  
  97  7:46  Siege Tank  
  97  7:51  SCV, Engineering Bay  
  101  7:52  Engineering Bay  
  101  7:53  Viking  
  101  7:57  Viking  
  99  7:59  SCV  
  99  8:00  Marine  
  99  8:07  SCV  
  99  8:09  SCV  
  99  8:11  Refinery x2  
Show
View Real Time Build Order
Export as new Build Order

HeroMarine Terran 

Build Orders:  

Get SALT Encoding   

  12  0:00  SCV  
  13  0:12  SCV  
  14  0:17  Supply Depot  
  14  0:24  SCV  
  15  0:38  SCV  
  15  0:40  Barracks  
  16  0:43  Refinery  
  16  0:50  SCV  
  16  0:53  Refinery  
  17  1:03  SCV  
  18  1:15  SCV  
  19  1:27  Reaper, Orbital Command  
  19  1:30  Supply Depot  
  20  1:44  Factory  
  20  1:52  SCV  
  21  1:59  Barracks Reactor  
  21  2:04  SCV  
  22  2:11  Reaper  
  23  2:17  SCV  
  24  2:28  Hellion  
  26  2:31  SCV  
  26  2:35  Supply Depot  
  27  2:43  SCV, Reaper  
  28  2:45  Command Center  
  28  2:49  Hellion  
  30  2:55  SCV  
  31  3:01  Starport  
  31  3:07  SCV  
  31  3:11  Factory Tech Lab  
  32  3:16  Barracks Reactor  
  32  3:19  SCV  
  33  3:30  Cyclone  
  33  3:31  SCV  
  37  3:34  Supply Depot  
  37  3:42  Starport Tech Lab  
  37  3:43  SCV  
  38  3:53  Marine  
  39  3:55  SCV, Marine  
  39  4:02  Siege Tank  
  44  4:03  Banshee  
  44  4:05  Refinery  
  44  4:08  SCV  
  48  4:10  Marine  
  48  4:13  Marine  
  50  4:20  SCV  
  51  4:24  Orbital Command  
  51  4:28  Marine  
  52  4:32  SCV  
  52  4:33  Marine  
  52  4:34  Siege Tank  
  57  4:40  Supply Depot  
  57  4:44  SCV  
  58  4:51  SCV  
  59  4:56  SCV  
  59  4:59  Viking  
  62  5:01  Viking  
  62  5:02  Marine  
  62  5:06  SCV  
  64  5:08  SCV, Siege Tank  
  68  5:14  Supply Depot  
  70  5:30  Marine  
  70  5:31  Supply Depot  
  69  5:36  Viking x2, Supply Depot  
  69  5:40  SCV  
  69  5:41  SCV  
  76  5:42  Siege Tank  
  76  5:48  Marine  
  77  5:53  SCV x2  
  77  5:56  Supply Depot  
  79  6:05  SCV x2, Viking x2  
  79  6:11  Marine  
  85  6:17  SCV x2  
  88  6:30  Siege Tank  
  88  6:32  Marine  
  94  6:35  Viking x2  
  94  6:39  SCV, Command Center  
  97  6:46  SCV  
  94  6:49  Marine  
  94  6:51  SCV  
  84  6:55  Refinery  
  84  6:59  SCV  
  85  7:04  SCV  
  85  7:05  Viking  
  85  7:07  Marine  
  70  7:08  Siege Tank  
  70  7:09  Viking  
  68  7:19  SCV  
  68  7:21  SCV  
  68  7:22  Barracks  
  70  7:24  Barracks  
  68  7:31  SCV  
  68  7:33  SCV  
  68  7:35  Engineering Bay  
  70  7:37  Engineering Bay  
  70  7:40  Viking  
  70  7:42  Viking  
  73  7:44  SCV  
  73  7:45  SCV  
  71  8:04  SCV x2, Marine  
  75  8:10  Barracks Reactor  
  75  8:11  Barracks Reactor  
Tags
 
Add a new tag
Caveats
  • Supply blocks, unpowered buildings, or Contaminate may cause inaccurate times.
  • Supply counts are checked every 10 seconds.